 Dungeon Crawl Stone Soup version 0.30-a0-381-g6ea064c7b4 (webtiles) character file.

Game seed: 17570648242583360941

82 lokiplouj the Ruffian (level 4, -2/67 HPs)
             Began as a Troll Berserker on Dec 1, 2022.
             Was a Believer of Trog.
             Slain by a goblin
             ... wielding a +0 club
             ... led by Robin
              (5 damage)
             ... on level 2 of the Dungeon.
             The game lasted 00:01:24 (744 turns).

lokiplouj the Ruffian (Troll Berserker)              Turns: 744, Time: 00:01:25

Health: -2/67      AC:  4    Str: 25    XL:     4   Next: 21%
Magic:  3/3        EV: 10    Int:  3    God:    Trog [**....]
Gold:   69         SH:  0    Dex: 11    Spells: 3/3 levels left

rFire   . . .      SeeInvis .      - Unarmed
rCold   . . .      Faith    .    (no shield)
rNeg    . . .      Spirit   .    a - +0 animal skin
rPois   .          Reflect  .    (helmet restricted)
rElec   .          Harm     .    (no cloak)
rCorr   .          Rampage  .    (gloves unavailable)
Will    .....                    (boots unavailable)
Stlth   ..........               (no amulet)
HPRegen 1.11/turn                (no ring)
MPRegen 0.08/turn                (no ring)

@: berserking (expiring), very quick
A: large, unfitting armour, claws 3, regeneration 1, shaggy fur 1, tough skin 1
a: Renounce Religion, Berserk, Trog's Hand


You were on level 2 of the Dungeon.
You worshipped Trog.
Trog was pleased with you.
You visited 1 branch of the dungeon, and saw 2 of its levels.

You collected 69 gold pieces.

Inventory:

Armour
 a - a +0 animal skin (worn)
Scrolls
 b - a scroll of identify {unknown}
 c - a scroll of teleportation {unknown}
 e - a scroll of poison {unknown}
 h - 2 scrolls of enchant armour {unknown}
Potions
 d - 2 potions of degeneration {unknown}
 f - 2 potions of lignification {unknown}
 g - a potion of invisibility {unknown}
 i - a potion of haste
 j - 2 potions of might {unknown}
 k - a potion of curing {unknown}
 l - a potion of cancellation {unknown}


   Skills:
 + Level 3.1 Fighting
 + Level 3.1 Dodging
 + Level 3.7 Unarmed Combat


You had 3 spell levels left.
You didn't know any spells.
Your spell library was empty.

Dungeon Overview and Level Annotations

Branches:
Dungeon (2/15)

Altars:


Innate Abilities, Weirdness & Mutations

You are too large for most types of armour.
You have claws for hands.
Your natural rate of healing is unusually fast.
You are covered in fur. (AC +1)
You have tough skin. (AC +1)


Message History

The goblin hits you with a +0 club.
* * * LOW HITPOINT WARNING * * *
Robin closely misses you.
The goblin shoots a sling bullet.
The sling bullet completely misses you.
The sling bullet hits Robin.
You barely miss Robin.
Robin is lightly wounded.
Robin throws the goblin at you! The hobgoblin barely misses you.
You scratch Robin.
Robin is moderately wounded.
Robin throws the goblin at you!
* * * LOW HITPOINT WARNING * * *
You scratch Robin.
Robin is severely wounded.
The goblin closely misses you. The goblin hits you with a +0 dagger.
* * * LOW HITPOINT WARNING * * *
The hobgoblin barely misses you.
The goblin unwields a +0 sling.
The goblin wields a +0 club.
The goblin hits you but does no damage. Robin misses you.
You claw Robin!
You kill Robin!
Trog accepts your kill. The hobgoblin barely misses you.
The goblin barely misses you. x2
You mangle the hobgoblin!!
You kill the hobgoblin!
Trog accepts your kill. The goblin misses you.
The goblin hits you with a +0 dagger.
* * * LOW HITPOINT WARNING * * *
You claw the goblin!
You kill the goblin!
Trog accepts your kill. The goblin hits you with a +0 club.
* * * LOW HITPOINT WARNING * * *
The goblin closely misses you.
Items here: ))) †.
You claw the goblin!
You kill the goblin!
Trog accepts your kill. The goblin hits you with a +0 club.
You die...

#......#
#......#.#### #.##.#
#......#
#.#.##.###########.#
#......#
#.#.##..............
########
#.#.################
#..........
#...#######
#..........
##.)).###### +..g@.#
#$#).## #.#...#
#.##..# #..# ....
.#... . #### #.


You could see a goblin (strong).

Vanquished Creatures
  Jessica (D:2)
  Robin (D:2)
  An adder (D:2)
  5 bats (D:1)
  2 endoplasms (D:1)
  2 giant cockroaches (D:1)
  10 goblins
  4 hobgoblins
  4 kobolds (D:1)
  3 ball pythons (D:1)
  2 frilled lizards (D:1)
  3 rats
38 creatures vanquished.

Notes
Turn   | Place    | Note
-------+----------+-------------------------------------------
     0 | D:1      | lokiplouj the Troll Berserker began the quest for the Orb.
     0 | D:1      | Reached XP level 1. HP: 22/22 MP: 0/0
    91 | D:1      | Reached XP level 2. HP: 29/29 MP: 1/1
   292 | D:1      | Found a faded altar of an unknown god.
   592 | D:2      | Reached ** piety under Trog
   593 | D:2      | Reached XP level 3. HP: 36/36 MP: 2/2
   608 | D:2      | Noticed Jessica
   613 | D:2      | Killed Jessica
   650 | D:2      | Identified the +0 ring mail of Waigow {Harm rC+}
   723 | D:2      | Noticed Robin
   731 | D:2      | Reached XP level 4. HP: 20/45 MP: 3/3
   739 | D:2      | Killed Robin
   742 | D:2      | HP: 1/67 [goblin/+0 club[Robin] (5)]
   744 | D:2      | Slain by a goblin

Illustrated notes

Levels and vault maps discovered:
D:1:      onia_arrival_pyramid, layout_basic,
          ebering_ecumenical_altar_sacrificial, serial_curves, eino_curves_01,
          eino_curves_02, minmay_distorted
D:2:      layout_basic, uniq_jessica, uniq_robin

Skill      XL: |  1  2  3 |
---------------+----------+-----
Fighting       | 3 |  3.1
Dodging        | 3 |  3.1
Unarmed Combat | |  3.7

Action                   |  1- 3 |  4- 6 || total
-------------------------+-------+-------++-------
Melee: Unarmed           |    75 |    11 ||    86
       Punch             |     2 |       ||     2
Invok: Berserk           |     1 |       ||     1
Armor: Animal skin       |    28 |     4 ||    32
Dodge: Dodged            |    38 |    16 ||    54

Table legend: (Time is in decaauts)
 A = Elapsed time spent in this place.
 B = Non-inter-level travel time spent in this place.
 C = Inter-level travel time spent in this place.
 D = Time resting spent in this place.
 E = Time spent auto-exploring this place.
 F = Levels seen in this place.
 G = Mean time per level.
                   A        B        C        D        E       F      G
               +--------+--------+--------+--------+--------+-----+--------+
         Total |    733 |    718 |     15 |      0 |    543 |   2 |  366.5 |
       Dungeon |    733 |    718 |     15 |      0 |    543 |   2 |  366.5 |
               +--------+--------+--------+--------+--------+-----+--------+

Top non-repeatable levels by time:
     D:1: 583 daAuts
     D:2: 150 daAuts
